 Dungeon Crawl Stone Soup version 0.25-a0-156-g0c4bda3fdf (webtiles) character file.

Game seed: 14280268261996184688, levelgen mode: deterministic

103 Leeroy the Slasher (level 4, -3/36 HPs)
             Began as a Draconian Skald on Nov 20, 2019.
             Slain by an orc
             ... wielding a +0 trident
              (8 damage)
             ... on level 3 of the Dungeon.
             The game lasted 00:02:59 (2182 turns).

Leeroy the Slasher (Draconian Skald)                Turns: 2182, Time: 00:03:00

Health: -3/36      AC:  5    Str: 14    XL:     4   Next: 51%
Magic:  4/7        EV: 12    Int: 13    God:
Gold:   72         SH:  0    Dex: 11    Spells: 3/7 levels left

rFire    . . .     SeeInvis .   s - +0 dagger
rCold    . . .     Gourm    .   (no shield)
rNeg     . . .     Faith    .   (armour unavailable)
rPois    .         Spirit   .   (helmet restricted)
rElec    .         Reflect  .   (no cloak)
rCorr    .         Harm     .   (no gloves)
MR       .....                  (no boots)
Stlth    +.........             (no amulet)
HPRegen  0.12/turn              (no ring)
MPRegen  0.10/turn              (no ring)

@: very slightly contaminated, invisible
A: unfitting armour, cold-blooded, AC +5
a: no special abilities


You were on level 3 of the Dungeon.
You were not hungry.

You visited 1 branch of the dungeon, and saw 3 of its levels.

You collected 72 gold pieces.

Inventory:

Hand Weapons
 a - a +0 falchion
 s - a +0 dagger (weapon)
Missiles
 o - 9 poisoned darts (quivered)
Wands
 p - a wand of disintegration (20)
Scrolls
 b - 2 scrolls of identify {unknown}
 d - 2 scrolls of amnesia {unknown}
 e - a scroll of magic mapping {unknown}
 f - 2 scrolls of remove curse {unknown}
 n - a scroll of enchant armour {unknown}
Potions
 g - a potion of invisibility
 h - a potion of berserk rage {unknown}
 i - a potion of resistance {unknown}
 j - 2 potions of brilliance {unknown}
 k - a potion of lignification {unknown}
 l - a potion of curing {unknown}
 m - a potion of agility {unknown}
 q - a potion of heal wounds {unknown}
Comestibles
 c - 3 rations
 r - 3 chunks of flesh


   Skills:
 - Level 2.1 Fighting
 + Level 4.8 Long Blades
 - Level 2.1 Dodging
 - Level 2.0 Spellcasting
 - Level 2.6 Charms


You had 3 spell levels left.
You knew the following spells:

 Your Spells              Type           Power        Failure   Level  Hunger
a - Infusion              Chrm           #...         9%          1    ##.....
b - Spectral Weapon       Hex/Chrm       #.......     41%         3    ####...

Your spell library contained the following spells:

 Spells                   Type           Power        Failure   Level  Hunger
 Song of Slaying          Chrm           #.......     13%         2    ###....
 Shroud of Golubria       Chrm/Tloc      #.....       22%         2    ###....
 Regeneration             Chrm/Necr      #.........   41%         3    ####...


Dungeon Overview and Level Annotations

Branches:
Dungeon (3/15)

Altars:
Makhleb


Innate Abilities, Weirdness & Mutations

Your plain brown scales are hard. (AC +5)
You cannot fit into any form of body armour.
You are cold-blooded and may be slowed by cold attacks.


Message History

Things that are here:
a cursed +0 club; a goblin corpse
s - a +0 dagger (weapon)
You hit the orc but do no damage. The orc hits you with a +0 trident.
* * * LOW HITPOINT WARNING * * *
You hit the orc.
The orc is lightly wounded.
You hit the orc but do no damage.
The orc is lightly wounded.
The orc closely misses you.
You barely miss the orc. You tail-slap the orc.
The orc is moderately wounded.
The orc barely misses you.
You barely miss the orc.
The orc is lightly wounded.
The orc closely misses you.
You barely miss the orc.
The orc is lightly wounded.
The orc hits you with a +0 trident!
You die...

.# .# .# #####.###
#.......# #<# o#
#@###.# #o##..#
##.########.##.##
..........#.##.##.#
##.######.#...g...#
#......####
########


You could see an orc.

Vanquished Creatures
  A hound (D:2)
  An orc wizard (D:2)
  An adder (D:2)
  3 oozes (D:1)
  A worm (D:2)
  An orc (D:3)
  2 goblins
  3 hobgoblins
  2 jackals (D:2)
  3 bats
  3 frilled lizards (D:1)
  A kobold (D:2)
  5 rats
27 creatures vanquished.

Notes
Turn   | Place    | Note
-------+----------+-------------------------------------------
     0 | D:1      | Leeroy the Draconian Skald began the quest for the Orb.
     0 | D:1      | Reached XP level 1. HP: 17/17 MP: 3/3
   222 | D:1      | Reached XP level 2. HP: 21/24 MP: 5/5
   257 | D:1      | Reached skill level 3 in Long Blades
   834 | D:2      | Reached XP level 3. HP: 10/29 MP: 2/6
   839 | D:2      | Learned a level 3 spell: Spectral Weapon
  1202 | D:2      | Found a burning altar of Makhleb.
  1210 | D:2      | Reached skill level 4 in Long Blades
  1259 | D:2      | Found a faded altar of an unknown god.
  1375 | D:2      | Reached XP level 4. HP: 33/36 MP: 7/7
  2182 | D:3      | Slain by an orc

Levels and vault maps discovered:
D:1:      onia_arrival_handbag, layout_basic
D:2:      layout_loops_ring, makhleb_blood_cavern_becter,
          chequers_ecumenical_altar_island
D:3:      layout_loops_cross, nemelex_xobeh_ov_fountains_minmay,
          nicolae_overflow_crystal_walls, kiku_gazebo_pond_becter,
          ebering_ghost_reflecting_pool, uniq_natasha, uniq_jessica

Skill      XL: |  1  2  3 |
---------------+----------+-----
Long Blades    | 3 4 |  4.8
Fighting       | |  2.1
Dodging        | |  2.1
Spellcasting   | |  2.0
Charms         | |  2.6

Action                   |  1- 3 |  4- 6 || total
-------------------------+-------+-------++-------
Melee: Falchion          |    67 |    43 ||   110
       Tailslap          |    10 |     5 ||    15
       Dagger            |       |     6 ||     6
 Cast: Infusion          |     1 |       ||     1
       Spectral Weapon   |       |     1 ||     1
  Use: Potion            |       |     1 ||     1
 Stab: Sleeping          |     1 |       ||     1
  Eat: Chunk             |     2 |       ||     2
       Ration            |       |     1 ||     1
Armor: Skin              |    22 |    19 ||    41
Dodge: Dodged            |    51 |    22 ||    73
       Rpst.: Falchion   |    26 |     5 ||    31

Table legend:
 A = Non-vault XP
 B = Vault XP
 C = Vault XP percentage of total XP
 D = Non-vault monster count
 E = Vault monster count
 F = Vault count percentage of total count
                 A         B        C        D         E       F
            +---------+---------+-------+---------+---------+-------
      Total |      84 |      64 |  43.2 |      22 |       5 |  18.5
            +---------+---------+-------+---------+---------+-------
        D:1 |       7 |      22 |  75.9 |       6 |       4 |  40.0
        D:2 |      72 |      42 |  36.8 |      14 |       1 |   6.7
        D:3 |       5 |       0 |   0.0 |       2 |       0 |   0.0
            +---------+---------+-------+---------+---------+-------
